 Dungeon Crawl Stone Soup version 0.30-a0-1112-gfb780f5df6 (webtiles) character file.

Game seed: 12882763614283962182

29164 funkygono the Severer (level 13, -6/119 HPs)
             Began as a Minotaur Fighter on Apr 19, 2023.
             Was a High Priest of Okawaru.
             Mangled by a komodo dragon (9 damage)
             ... on level 5 of the Lair of Beasts.
             The game lasted 00:26:16 (13902 turns).

funkygono the Severer (Minotaur Fighter)           Turns: 13902, Time: 00:26:16

Health: -6/119     AC: 26    Str: 23    XL:     13   Next: 13%
Magic:  22/22      EV:  7    Int:  9    God:    Okawaru [*****.]
Gold:   923        SH: 15    Dex: 13    Spells: 12/12 levels left

rFire   . . .      SeeInvis .    x - +7 hand axe of Caoqije {speed, rCorr Str-4 Int+4}
rCold   + + .      Faith    .    R - +4 kite shield "Xoujen" {rC++ MP+9 Str-3 Dex+3}
rNeg    . . .      Spirit   .    y - +0 plate armour
rPois   .          Reflect  .    (helmet restricted)
rElec   .          Rampage  .    t - +1 cloak
rCorr   +          Harm     + .  S - +2 pair of gloves
Will    +....                    g - +2 pair of boots "Qaist" {Harm Str+4} Stlth
                                 (no amulet)
HPRegen 0.39/turn                T - +4 ring of slaying
MPRegen 0.18/turn                i - ring of willpower

@: mighty, frozen, mesmerised, slowed, very slow
A: horns 2, retaliatory headbutt
a: Renounce Religion, Heroism, Finesse, Duel


You were on level 5 of the Lair of Beasts.
You worshipped Okawaru.
Okawaru was extremely pleased with you.
You visited 3 branches of the dungeon, and saw 15 of its levels.
You also visited: Bailey.

You collected 923 gold pieces.

Inventory:

Hand Weapons
 a - a +0 war axe of draining
 x - the +7 hand axe of Caoqije (weapon) {speed, rCorr Str-4 Int+4}
   (You took it off an orc on level 3 of the Dungeon)

   Str:       It affects your strength (-4).
   Int:       It affects your intelligence (+4).
   rCorr:     It protects you from acid and corrosion.
Missiles
 p - 12 javelins
 u - 26 boomerangs (quivered)
 v - 3 throwing nets
 I - 8 silver boomerangs
Armour
 g - the +2 pair of boots "Qaist" (worn) {Harm Str+4}
   (You found it on level 4 of the Dungeon)

   Str:       It affects your strength (+4).
   Harm:      It increases damage dealt and taken.
 t - a +1 cloak (worn)
 y - a +0 plate armour (worn)
 R - the +4 kite shield "Xoujen" (worn) {rC++ MP+9 Str-3 Dex+3}
   (Okawaru gifted it to you on level 3 of the Lair of Beasts)

   Str:       It affects your strength (-3).
   Dex:       It affects your dexterity (+3).
   rC:        It greatly protects you from cold.
   MP:        It affects your magic capacity (+9).
 S - a +2 pair of gloves (worn)
Jewellery
 e - a ring of flight
 i - a ring of willpower (right hand)
 s - a ring of fire
 A - a +5 ring of evasion
 T - a +4 ring of slaying (left hand)
Wands
 b - a wand of iceblast (14)
 G - a wand of flame (22)
 H - a wand of mindburst (26)
Scrolls
 f - 7 scrolls of immolation
 n - 8 scrolls of teleportation
 N - a scroll of enchant armour
 P - 3 scrolls of identify
 Q - 2 scrolls of blinking
Potions
 d - a potion of might
 j - 7 potions of curing
 m - a potion of cancellation
 r - a potion of berserk rage
 B - 6 potions of flight
 E - a potion of ambrosia


   Skills:
 + Level 12.9 Fighting
 + Level 16.0 Axes
 + Level 1.8 Throwing
 + Level 14.3 Armour
 + Level 2.2 Dodging
 + Level 2.0 Stealth
 + Level 10.1 Shields
 + Level 2.2 Invocations


You had 12 spell levels left.
You didn't know any spells.
Your spell library contained the following spells:

 Spells                   Type           Power      Damage    Failure   Level
 Sandblast                Erth           0%         2d4       100%        1
 Slow                     Hex            0%         N/A       100%        1
 Blink                    Tloc           0%         N/A       100%        2
 Lesser Beckoning         Tloc           0%         N/A       100%        2
 Momentum Strike          Conj/Tloc      0%         3d8       100%        2
 Passwall                 Tmut/Erth      0%         N/A       100%        2
 Poisonous Vapours        Pois/Air       0%         N/A       100%        2
 Confusing Touch          Hex            0%         N/A       100%        3
 Mephitic Cloud           Conj/Pois/Air  0%         N/A       100%        3
 Stone Arrow              Conj/Erth      0%         3d7       100%        3
 Vampiric Draining        Necr           0%         2d6       100%        3
 Volatile Blastmotes      Fire/Tloc      0%         2d10      100%        3
 Fulminant Prism          Conj/Hex       0%         3d5       100%        4
 Ice Form                 Ice/Tmut       0%         N/A       100%        4
 Iskenderun's Mystic Bla  Conj/Tloc      0%         2d3       100%        4
 Fireball                 Conj/Fire      0%         3d3       100%        5
 Freezing Cloud           Conj/Ice/Air   0%         6-21      100%        5
 Iskenderun's Battlesphe  Conj           0%         2d6       100%        5
 Lee's Rapid Deconstruct  Erth           0%         3d4*      100%        5
 Metabolic Englaciation   Hex/Ice        0%         N/A       100%        5
 Conjure Ball Lightning   Conj/Air       0%         3x3d6     100%        6
 Orb of Destruction       Conj           0%         9d5       100%        7
 Storm Form               Tmut/Air       0%         N/A       100%        7
 Maxwell's Capacitive Co  Air            0%         ∞         100%        8
 Summon Lightning Spire   Summ/Air       Unusable   N/A       N/A         4
 Simulacrum               Ice/Necr       Unusable   N/A       N/A         6

Dungeon Overview and Level Annotations

Branches:
Dungeon (9/15)             Temple (1/1) D:4            Lair (5/5) D:8
  Swamp (0/4) Lair:3        Snake (0/4) Lair:2        Slime (0/5) Lair:4
 Bailey (visited)
    Orc: D:9-12

Altars:
Ashenzari
Cheibriados
Dithmenos
Elyvilon
Fedhas
Gozag
Hepliaklqana
Kikubaaqudgha
Makhleb
Nemelex Xobeh
Okawaru
Qazlal
Ru
Sif Muna
Trog
Uskayaw
Vehumet
Wu Jian
Xom
Yredelemnul
Zin
The Shining One

Shops:
D:2 =


Innate Abilities, Weirdness & Mutations

You have a pair of horns on your head.
You reflexively headbutt those who attack you in melee.


Message History

The merfolk avatar chants its luring song.
Unknown command.
You hit the merfolk avatar. You headbutt the merfolk avatar!
The merfolk avatar is severely wounded.
You hit the rime drake but do no damage.
You hit the elephant.
You hit the komodo dragon but do no damage.
The rime drake breathes ice at you. The icy flash freeze hits you!
You partially resist.
* * * LOW HITPOINT WARNING * * *
You are encased in ice.
The merfolk avatar chants its luring song.
The elephant barely misses you. You block the elephant's attack.
You block the komodo dragon's attack.
You feel much better. The rime drake barely misses you.
The elephant tramples you but does no damage.
The elephant trunk-slaps you but does no damage.
The merfolk avatar chants its luring song.
The snapping turtle bites you but does no damage.
You block the komodo dragon's attack.
The rime drake bites you but does no damage.
The snapping turtle bites you but does no damage.
You feel very mighty all of a sudden. The ice encasing you melts away.
You block the elephant's attack.
The elephant trunk-slaps you but does no damage.
The merfolk avatar chants its luring song.
The rime drake breathes ice at you. You block the icy flash freeze.
The komodo dragon bites you!!
* * * LOW HITPOINT WARNING * * *
You block the snapping turtle's attack. The elephant closely misses you.
You furiously retaliate!
You headbutt the elephant.
You kill the elephant!
Okawaru accepts your kill. The rime drake breathes ice at you.
The icy flash freeze hits you! You partially resist.
* * * LOW HITPOINT WARNING * * *
You are encased in ice.
The komodo dragon bites you!
You die...

...........# ....
..........### ........
..........#.###!.P....
............#.##.#....
..................#...
........#.P.....tSy..
........#####..twD...
##....P###. #..lm##.#
##..## ##.#.Dk@## ..#
#P.....†.## .#
##.....††.# ##.#.##.##
########


You could see a merfolk avatar (mesmerising), a seven-headed hydra, a sea snake,
2 snapping turtles, a torpor snail, a komodo dragon, a rime drake (catching
breath), a hornet and a steam dragon.

Vanquished Creatures
  4 hydras
  A two-headed ogre (D:7)
  A boulder beetle (Lair:1)
  Nergalle (Lair:1)
  3 skysharks
  An oklob plant (D:5)
  13 elephants
  A torpor snail (Lair:3)
  6 black mambas
  5 cane toads
  2 rime drakes
  6 komodo dragons
  2 hornets (Lair:5)
  A wind drake (Lair:5)
  A snapping turtle (Lair:5)
  9 blink frogs
  13 yaks
  6 wyverns
  2 steam dragons
  4 basilisks
  3 nagas (Lair:2)
  14 water moccasins
  7 orc warriors
  An ice beast (D:6)
  2 sky beasts
  A black bear (D:8)
  4 ogres
  11 wolves
  4 centaurs
  A kobold brigand (D:8)
  2 phantoms
  8 bullfrogs
  A gnoll sergeant (D:2)
  4 scorpions
  6 killer bees (D:5)
  A howler monkey (D:3)
  9 electric eels
  A gnoll bouda (D:5)
  A jelly (D:7)
  7 hounds
  2 sleepcaps
  5 orc wizards (D:6)
  40 gnolls
  8 adders
  A shadow imp (D:7)
  2 worms
  7 dart slugs
  49 orcs
  8 ball pythons
  13 endoplasms
  2 giant cockroaches
  23 goblins
  11 hobgoblins
  18 jackals
  4 quokkas
  4 bats
  3 frilled lizards
  22 kobolds
  7 rats
399 creatures vanquished.

Vanquished Creatures (others)
  51 fungi
  123 plants
174 creatures vanquished.

Grand Total: 573 creatures vanquished

Notes
Turn   | Place    | Note
-------+----------+-------------------------------------------
     0 | D:1      | funkygono the Minotaur Fighter began the quest for the Orb.
     0 | D:1      | Reached XP level 1. HP: 19/19 MP: 0/0
    38 | D:1      | Reached XP level 2. HP: 15/27 MP: 1/1
   483 | D:1      | Reached XP level 3. HP: 27/33 MP: 2/2
   637 | D:1      | Reached skill level 3 in Axes
   866 | D:2      | Noticed a phantom
   890 | D:2      | Killed a phantom
   891 | D:2      | Reached skill level 4 in Axes
   891 | D:2      | Reached XP level 4. HP: 21/41 MP: 3/3
   994 | D:2      | Found Hococve's Jewellery Shoppe.
  1001 | D:2      | Reached XP level 5. HP: 40/47 MP: 4/4
  1106 | D:2      | Found a snail-covered altar of Cheibriados.
  1245 | D:2      | Found a faded altar of an unknown god.
  1688 | D:3      | Reached skill level 1 in Dodging
  1714 | D:3      | Identified the +1 leather armour of the Nightingale {Fly
                  | rElec Will- Dex+7}
  1972 | D:3      | Reached skill level 5 in Armour
  2104 | D:3      | Reached skill level 5 in Axes
  2108 | D:3      | Identified the +9 great sword of the Hugging Tiger {venom,
                  | Str+2}
  2147 | D:3      | Reached XP level 6. HP: 13/53 MP: 5/5
  2549 | D:3      | Identified the +7 hand axe of Caoqije {speed, rCorr Str-4
                  | Int+4}
  2841 | D:3      | Reached skill level 5 in Fighting
  2883 | D:3      | Reached skill level 6 in Axes
  3041 | D:3      | Reached XP level 7. HP: 61/61 MP: 6/6
  3314 | D:4      | Found a staircase to the Ecumenical Temple.
  3337 | Temple   | Entered the Ecumenical Temple
  3521 | Temple   | Became a worshipper of Warmaster Okawaru
  3694 | D:4      | Got Sif Muna's Cyclopedia of Ice and Changes
  3878 | D:4      | Reached skill level 7 in Axes
  3878 | D:4      | Reached skill level 5 in Shields
  3990 | D:4      | Identified the +2 pair of boots "Qaist" {Harm Str+4}
  4163 | D:5      | Entered Level 5 of the Dungeon
  4218 | D:5      | Reached XP level 8. HP: 66/70 MP: 7/7
  4474 | D:5      | Reached skill level 8 in Axes
  4474 | D:5      | Reached * piety under Okawaru
  4766 | D:5      | Reached skill level 9 in Axes
  4855 | D:5      | Found a blossoming altar of Fedhas.
  4869 | D:5      | Noticed an oklob plant
  4917 | D:5      | Killed an oklob plant
  4918 | D:5      | Reached skill level 10 in Axes
  4918 | D:5      | Reached XP level 9. HP: 33/78 MP: 8/8
  5395 | D:6      | Reached ** piety under Okawaru
  5447 | D:6      | You are sucked into a shaft and drop 3 floors!
  5671 | D:7      | Found a flagged portal.
  5699 | Bailey   | Entered a bailey
  6018 | Bailey   | Reached skill level 11 in Axes
  6132 | Bailey   | Identified the +0 robe of the Grue {rN+ Archmagi}
  6312 | D:6      | Identified the +1 chain mail of True Grit {rElec rPois
                  | Regen+}
  6768 | D:7      | Reached skill level 10 in Armour
  6891 | D:7      | Reached XP level 10. HP: 87/88 MP: 9/9
  6906 | D:7      | Noticed a two-headed ogre
  6921 | D:7      | Killed a two-headed ogre
  6922 | D:7      | Reached skill level 12 in Axes
  6987 | D:7      | Reached *** piety under Okawaru
  7342 | D:8      | Found a radiant altar of Vehumet.
  7416 | D:8      | Found a staircase to the Lair.
  7462 | D:8      | Reached skill level 13 in Axes
  7462 | D:8      | Reached skill level 1 in Invocations
  7719 | D:8      | Found a snail-covered altar of Cheibriados.
  7726 | D:8      | Found a shadowy altar of Dithmenos.
  8082 | Lair:1   | Entered Level 1 of the Lair of Beasts
  8092 | Lair:1   | Noticed an elephant
  8092 | Lair:1   | Noticed an elephant
  8093 | Lair:1   | Noticed an elephant
  8093 | Lair:1   | Noticed an elephant
  8105 | Lair:1   | Killed an elephant
  8110 | Lair:1   | Killed an elephant
  8112 | Lair:1   | Killed an elephant
  8114 | Lair:1   | Killed an elephant
  8115 | Lair:1   | Reached skill level 14 in Axes
  8115 | Lair:1   | Reached XP level 11. HP: 81/97 MP: 8/10
  8246 | Lair:1   | Noticed a boulder beetle
  8252 | Lair:1   | Noticed a four-headed hydra
  8549 | Lair:1   | Reached **** piety under Okawaru
  8786 | Lair:1   | Killed an 11-headed hydra
  8947 | Lair:1   | Noticed Nergalle
  8957 | Lair:1   | Reached skill level 10 in Fighting
  8961 | Lair:1   | Killed Nergalle
  8961 | Lair:1   | Received a gift from Okawaru
  9203 | Lair:1   | Killed a boulder beetle
  9362 | Lair:2   | Reached skill level 15 in Axes
  9362 | Lair:2   | Reached skill level 1 in Stealth
  9440 | Lair:2   | Noticed a skyshark
  9450 | Lair:2   | Killed a skyshark
  9482 | Lair:2   | Reached ***** piety under Okawaru
  9695 | Lair:2   | Found a shimmering blue altar of Sif Muna.
 10282 | Lair:2   | Reached XP level 12. HP: 103/110 MP: 12/12
 10388 | Lair:2   | Found a staircase to the Snake Pit.
 11032 | Lair:3   | Identified the +4 kite shield "Xoujen" {rC++ MP+9 Str-3
                  | Dex+3} (Okawaru gifted it to you on level 3 of the Lair of
                  | Beasts)
 11032 | Lair:3   | Received a gift from Okawaru
 11139 | Lair:3   | Noticed an eight-headed hydra
 11157 | Lair:3   | Killed a 19-headed hydra
 11304 | Lair:3   | Reached skill level 1 in Throwing
 11375 | Lair:3   | Noticed an eight-headed hydra
 11388 | Lair:3   | Killed a 13-headed hydra
 11493 | Lair:3   | Found a staircase to the Swamp.
 12539 | Lair:4   | Noticed a five-headed hydra
 12565 | Lair:4   | Killed a 16-headed hydra
 12913 | Lair:4   | Found an ornate altar of the Wu Jian Council.
 13013 | Lair:4   | Found a staircase to the Slime Pits.
 13745 | Lair:5   | Entered Level 5 of the Lair of Beasts
 13863 | Lair:5   | Paralysed by a hornet for 2 turns
 13864 | Lair:5   | Noticed a merfolk avatar
 13878 | Lair:5   | Reached XP level 13. HP: 18/119 MP: 13/13
 13885 | Lair:5   | Reached skill level 16 in Axes
 13891 | Lair:5   | Reached skill level 10 in Shields
 13902 | Lair:5   | HP: 3/119 [rime drake/icy flash freeze (13)]
 13902 | Lair:5   | Mangled by a komodo dragon

Illustrated notes

Levels and vault maps discovered:
D:1:      shiori_shiawase, layout_basic, chequers_serial_rivers_room_a,
          minmay_tromino_v7
D:2:      layout_rooms, shapermc_ecumenical_altar_ellora, basic_altar,
          serial_shops, nicolae_shop_hallway_plus, st_stairs_3
D:3:      lemuel_castle_with_subvaults [lemuel_castle_interior_carwin_3],
          layout_rooms
D:4:      layout_cave_pools, minmay_temple_entry_slanted
D:5:      layout_loops_ring, tgw_fedhas
D:6:      layout_basic
D:7:      layout_rooms, enter_bailey_5
D:8:      layout_basic, vehumet_altar_wand_db, amethyst_overflow_temple_binary,
          st_stairs_1, nrook_pool_corridor
D:9:      layout_loops_cross, kennysheep_path_1, chequers_jeans,
          nicolae_shop_firing_range
Temple:   mainiacjoe_temple_bowtie_tessellation
Lair:1:   layout_gridlike, hangedman_lair_generics_rect,
          infiniplex_staircase_pool, grunt_megastairs_5, lemuel_fruit_tree,
          uniq_nergalle
Lair:2:   layout_gridlike, nicolae_snake_entry_squirm, basic_altar,
          serial_bayou_lake_a
Lair:3:   layout_layer_cave, minmay_swamp_entry_eels, beast_lair_carwin_2
Lair:4:   layout_cave_pods, slime_entry_1, basic_altar
Lair:5:   gammafunk_lair_ancient_temple, layout_cave_pods,
          nicolae_lair_liquid_snakes

Skill      XL: |  1  2  3  4  5  6  7  8  9 10 11 12 13 |
---------------+----------------------------------------+-----
Armour         | 4 5 6 7 8 10 12 14 | 14.3
Fighting       | 4 5 6 7 9 11 12 | 12.9
Shields        | 4 5 6 7 9 10 | 10.1
Axes           | 4 5 6 7 10 11 14 15 16 | 16.0
Dodging        | 1 2 |  2.2
Invocations    | 1 2 |  2.2
Stealth        | 1 2 |  2.0
Throwing       | 1 |  1.8

Action                     |  1- 3 |  4- 6 |  7- 9 | 10-12 | 13-15 || total
---------------------------+-------+-------+-------+-------+-------++-------
  Melee: War axe           |    67 |   193 |    51 |       |       ||   311
         Headbutt          |     9 |    26 |   169 |   117 |     9 ||   330
         Hand axe          |       |       |   544 |   458 |    21 ||  1023
  Throw: Boomerang         |       |       |       |    15 |       ||    15
 Invoke: Heroism           |       |       |     6 |    15 |       ||    21
    Use: Scroll            |       |       |    16 |    10 |       ||    26
         Potion            |       |       |       |     2 |     3 ||     5
 Armour: Scale mail        |    29 |    67 |       |       |       ||    96
         Plate armour      |       |    22 |   138 |   253 |    19 ||   432
  Dodge: Dodged            |    23 |    98 |    69 |   136 |    15 ||   341
  Block: Buckler           |    13 |    51 |    56 |    57 |       ||   177
         Kite shield       |       |       |       |   115 |    36 ||   151

Table legend: (Time is in decaauts)
 A = Elapsed time spent in this place.
 B = Non-inter-level travel time spent in this place.
 C = Inter-level travel time spent in this place.
 D = Time resting spent in this place.
 E = Time spent auto-exploring this place.
 F = Levels seen in this place.
 G = Mean time per level.
                   A        B        C        D        E       F      G
               +--------+--------+--------+--------+--------+-----+--------+
         Total |  13528 |  12896 |    632 |    159 |   9754 |  16 |  845.5 |
       Dungeon |   7162 |   6866 |    296 |    108 |   4752 |   9 |  795.8 |
        Temple |    341 |    311 |     30 |      0 |    292 |   1 |  341.0 |
          Lair |   5558 |   5253 |    305 |      0 |   4585 |   5 | 1111.6 |
        Bailey |    465 |    465 |      0 |     51 |    125 |   1 |  465.0 |
               +--------+--------+--------+--------+--------+-----+--------+

Top non-repeatable levels by time:
  Lair:3: 1797 daAuts
     D:3: 1401 daAuts
  Lair:2: 1371 daAuts
  Lair:1: 1221 daAuts
     D:2: 1089 daAuts
  Lair:4: 1039 daAuts
     D:5: 1035 daAuts
     D:8: 886 daAuts
     D:1: 883 daAuts
     D:7: 639 daAuts
     D:6: 566 daAuts
     D:4: 548 daAuts
  Bailey: 465 daAuts
  Temple: 341 daAuts
  Lair:5: 128 daAuts
